 Dungeon Crawl Stone Soup version 0.27-a0-906-g0a00ce863d (webtiles) character file.

Game seed: 7296062516326288763

77 porpoise the Digger (level 3, -2/28 HPs)
             Began as a Demigod Earth Elementalist on Apr 7, 2021.
             Slain by a bullfrog (3 damage)
             ... on level 2 of the Dungeon.
             The game lasted 00:04:43 (2207 turns).

porpoise the Digger (Demigod Earth Elementalist)    Turns: 2207, Time: 00:04:44

Health: -2/28      AC:  1    Str:  9    XL:     3   Next: 92%
Magic:  8/10       EV: 12    Int: 21    God:
Gold:   87         SH:  0    Dex: 14    Spells: 6/7 levels left

rFire    . . .     SeeInvis .   a - +1 dagger (pain)
rCold    . . .     Faith    .   (no shield)
rNeg     . . .     Spirit   .   c - +0 robe
rPois    .         Reflect  .   (no helmet)
rElec    .         Harm     .   (no cloak)
rCorr    .         Rampage  .   (no gloves)
Will     +....                  (no boots)
Stlth    ++........             (no amulet)
HPRegen  0.09/turn              h - ring of wizardry
MPRegen  0.12/turn              (no ring)

@: invisible
A: high mp 1, forlorn, deformed body, strong-willed 1, robust 1
a: no special abilities


You were on level 2 of the Dungeon.
You visited 1 branch of the dungeon, and saw 2 of its levels.

You collected 87 gold pieces.

Inventory:

Hand Weapons
 a - a +1 dagger of pain (weapon)
Missiles
 b - 70 stones
 g - 36 poisoned darts (quivered)
 l - 9 arrows
Armour
 c - a +0 robe (worn)
Jewellery
 h - a ring of wizardry (left hand)
Scrolls
 d - a scroll of vulnerability {unknown}
 e - a scroll of teleportation {unknown}
 j - a scroll of enchant weapon {unknown}
 m - a scroll of noise {unknown}
 n - 2 scrolls of identify {unknown}
Potions
 k - a potion of attraction {unknown}
 o - a potion of magic {unknown}


   Skills:
 - Level 1.7 Dodging
 - Level 1.7 Stealth
 + Level 2.9 Spellcasting
 - Level 0.8 Transmutations
 + Level 3.7 Earth Magic


You had 6 spell levels left.
You knew the following spells:

 Your Spells              Type           Power      Damage    Failure   Level
a - Sandblast             Erth           36%        2d10      1%          1

Your spell library contained the following spells:

 Spells                   Type           Power      Damage    Failure   Level
 Passwall                 Tmut/Erth      10%        N/A       3%          2
 Stone Arrow              Conj/Erth      20%        3d8       8%          3
 Petrify                  Tmut/Erth      12%        N/A       21%         4
 Lee's Rapid Deconstruct  Erth           9%         3d8*      32%         5


Dungeon Overview and Level Annotations

Branches:
Dungeon (2/15)


Innate Abilities, Weirdness & Mutations

Your attributes grow dramatically as you level up.
You have an increased reservoir of magic. (+10% MP)
You shall have no god before yourself.
Armour fits poorly on your strangely shaped body.
You are strong-willed. (Will+)
You are robust. (+10% HP)


Message History

A bullfrog comes into view.
You hear a shout!
Casting: Sandblast (safe; 1% risk of failure)
Confirm with . or Enter, or press ? or * to list all spells.
Aiming: Sandblast (safe; 1% risk of failure)
Press: ? - help, Shift-Dir - straight line, f/p - endoplasm
Aim: an endoplasm (heavily wounded, 2% to evade)
The blast of sand hits the endoplasm!
You kill the endoplasm!
b - 72 stones The bullfrog hits you.
The bullfrog hits you. The bullfrog hits you.
Casting: Sandblast (safe; 1% risk of failure)
Confirm with . or Enter, or press ? or * to list all spells.
Aiming: Sandblast (safe; 1% risk of failure)
Press: ? - help, Shift-Dir - straight line, f - bullfrog
Aim: a bullfrog (26% to evade)
The blast of sand hits the bullfrog!
The bullfrog is moderately wounded.
b - 71 stones The bullfrog hits you!
Casting: Sandblast (safe; 1% risk of failure)
Confirm with . or Enter, or press ? or * to list all spells.
Aiming: Sandblast (safe; 1% risk of failure)
Press: ? - help, Shift-Dir - straight line, f/p - bullfrog
Aim: a bullfrog (moderately wounded, 26% to evade)
The blast of sand hits the bullfrog!
The bullfrog is almost dead.
b - 70 stones The bullfrog hits you!
* * * LOW HITPOINT WARNING * * *
The bullfrog barely misses you.
It was a potion of mutation.
You feel extremely strange.
Your body twists and deforms.
You feel robust.
You feel strong-willed. The bullfrog closely misses you.
It was a potion of invisibility.
You fade into invisibility!
The bullfrog hits you.
You die...

############# ####
#...........###..<
#######................#
........###.......###..#
#.........†.........
#.#@###.......#.#..#
...# #. #[#F#
#.......#.#..#
.....##.## #.#S#
#.......#.#..#
.....#$...#
#.#.######.........#
.......#.#.# #.O..#
######.##.#
....#.?.##.##....#
#.##.# ...O...###......#
#†##..
...###...##.##.####
#.#### ..........O.##)#
####### #.####


You could see an ogre, a bullfrog and a ball python.

Vanquished Creatures
  4 gnolls (D:2)
  An adder (D:2)
  A worm (D:2)
  3 endoplasms
  A giant cockroach (D:2)
  A goblin (D:1)
  A hobgoblin (D:2)
  4 jackals (D:2)
  3 quokkas
  3 bats (D:1)
  3 kobolds (D:1)
  2 rats
27 creatures vanquished.

Notes
Turn   | Place    | Note
-------+----------+-------------------------------------------
     0 | D:1      | porpoise the Demigod Earth Elementalist began the quest for
                  | the Orb.
     0 | D:1      | Reached XP level 1. HP: 14/14 MP: 5/5
   626 | D:1      | Reached skill level 3 in Earth Magic
   859 | D:1      | Reached XP level 2. HP: 20/20 MP: 4/7
  1575 | D:2      | Noticed an ogre
  1583 | D:2      | Reached XP level 3. HP: 15/26 MP: 1/9
  2190 | D:2      | Noticed a bullfrog
  2205 | D:2      | HP: 1/26 [bullfrog (7)]
  2206 | D:2      | Gained mutation: Armour fits poorly on your strangely
                  | shaped body. [potion of mutation]
  2206 | D:2      | Gained mutation: You are robust. (+10% HP) [potion of
                  | mutation]
  2206 | D:2      | Gained mutation: You are strong-willed. (Will+) [potion of
                  | mutation]
  2207 | D:2      | Slain by a bullfrog

Illustrated notes

Levels and vault maps discovered:
D:1:      lightli_iron_boxes, layout_loops_ring, ebering_ecumenical_altar_hall
D:2:      layout_loops_ring, basic_altar

Skill      XL: |  1 |
---------------+----+-----
Spellcasting   | 2 |  2.9
Earth Magic    | 3 |  3.7
Dodging        | |  1.7
Stealth        | |  1.7
Transmutations | |  0.8

Action                   || total
-------------------------++-------
Melee: Unarmed           ||     6
       Dagger            ||    31
Throw: Dart              ||    14
 Cast: Sandblast         ||    34
  Use: Potion            ||     2
 Stab: Sleeping          ||     1
Armor: Robe              ||     5
Dodge: Dodged            ||    35

Table legend: (Time is in decaauts)
 A = Elapsed time spent in this place.
 B = Non-inter-level travel time spent in this place.
 C = Inter-level travel time spent in this place.
 D = Time resting spent in this place.
 E = Time spent auto-exploring this place.
 F = Levels seen in this place.
 G = Mean time per level.
                   A        B        C        D        E       F      G
               +--------+--------+--------+--------+--------+-----+--------+
         Total |   2206 |   2153 |     53 |   1019 |    857 |   2 | 1103.0 |
       Dungeon |   2206 |   2153 |     53 |   1019 |    857 |   2 | 1103.0 |
               +--------+--------+--------+--------+--------+-----+--------+

Top non-repeatable levels by time:
     D:1: 1613 daAuts
     D:2: 593 daAuts
